 Dungeon Crawl Stone Soup version 0.28-a0-1493-g08698888e4 (webtiles) character file.

Game seed: 7282349581173501571

214 testman the Slasher (level 6, -3/48 HPs)
             Began as a Human Monk on Jan 12, 2022.
             Was a Priest of Kikubaaqudgha.
             Slain by a phantom (7 damage)
             ... on level 4 of the Dungeon.
             The game lasted 00:15:59 (4862 turns).

testman the Slasher (Human Monk)                    Turns: 4862, Time: 00:16:00

Health: -3/48      AC:  3    Str: 13    XL:     6   Next: 15%
Magic:  7/7        EV: 13    Int: 11    God:    Kikubaaqudgha [***...]
Gold:   250        SH:  0    Dex: 15    Spells: 4/7 levels left

rFire   . . .      SeeInvis .   a - +0 falchion
rCold   . . .      Faith    .   (no shield)
rNeg    + . .      Spirit   .   b - +1 robe
rPois   .          Reflect  .   (no helmet)
rElec   .          Harm     .   (no cloak)
rCorr   .          Rampage  .   (no gloves)
Will    .....                   (no boots)
Stlth   ++........              (no amulet)
HPRegen 0.16/turn               i - ring of positive energy
MPRegen 0.10/turn               (no ring)

@: no status effects
A: no striking features
a: Renounce Religion, Receive Corpses


You were on level 4 of the Dungeon.
You worshipped Kikubaaqudgha.
Kikubaaqudgha was most pleased with you.
You visited 1 branch of the dungeon, and saw 4 of its levels.

You collected 250 gold pieces.

Inventory:

Hand Weapons
 a - a +0 falchion (weapon)
 j - a +0 hunting sling
Missiles
 f - 135 stones (quivered)
 n - 6 curare-tipped darts
 p - 19 poisoned darts
Armour
 b - a +1 robe (worn)
Jewellery
 i - a ring of positive energy (left hand)
 t - a ring of protection from fire
Wands
 k - a wand of flame (31)
 r - a wand of polymorph (8)
Scrolls
 e - 3 scrolls of teleportation
 h - a scroll of vulnerability
 l - a scroll of fog {unknown}
 o - a scroll of amnesia {unknown}
 q - 2 scrolls of identify {unknown}
Potions
 c - a potion of attraction {unknown}
 d - 2 potions of heal wounds {unknown}
 g - a potion of berserk rage {unknown}
 m - 3 potions of ambrosia {unknown}
 s - a potion of lignification {unknown}
 u - a potion of curing {unknown}


   Skills:
 - Level 4.3 Fighting
 - Level 4.3 Long Blades
 - Level 3.1 Dodging
 - Level 2.2 Stealth
 - Level 1.0 Spellcasting
 - Level 0.4 Hexes
 + Level 2.3 Necromancy


You had 4 spell levels left.
You knew the following spells:

 Your Spells              Type           Power      Damage    Failure   Level
a - Slow                  Hex            4%         N/A       28%         1
b - Pain                  Necr           20%        1d5       12%         1
c - Animate Skeleton      Necr           10%        N/A       12%         1

Your spell library contained the following spells:

 Spells                   Type           Power      Damage    Failure   Level
 Sublimation of Blood     Necr           5%         N/A       19%         2
 Corpse Rot               Necr/Air       6%         N/A       30%         2
 Vampiric Draining        Necr           5%         2d6       36%         3
 Confusing Touch          Hex            1%         N/A       63%         3
 Animate Dead             Necr           2%         N/A       77%         4
 Dispel Undead            Necr           5%         3d7       77%         4
 Anguish                  Hex/Necr       1%         N/A       88%         4
 Borgnjor's Vile Clutch   Necr/Erth      1%         N/A       99%         5
 Summon Forest            Summ/Tloc      0%         N/A       100%        5
 Eringya's Noxious Bog    Tmut/Pois      0%         N/A       100%        6
 Simulacrum               Ice/Necr       1%         N/A       100%        6
 Summon Hydra             Summ           0%         N/A       100%        7


Dungeon Overview and Level Annotations

Branches:
Dungeon (4/15)
 Temple: D:4-7

Altars:
Kikubaaqudgha


Message History

The phantom hits you!
The phantom blinks!
You blink.
The phantom hits you.
The phantom blinks!
You blink.
You hit the phantom.
The phantom is heavily damaged.
The phantom hits you.
The phantom blinks!
You blink.
You are too injured to fight recklessly!
You are too injured to fight recklessly!
You are too injured to fight recklessly!
You are too injured to fight recklessly!
You are too injured to fight recklessly!
You closely miss the phantom.
The phantom is heavily damaged.
The phantom hits you.
The phantom blinks!
You blink.
You barely miss the phantom.
The phantom is heavily damaged.
The phantom hits you!
* * * LOW HITPOINT WARNING * * *
The phantom blinks!
You blink.
You closely miss the phantom.
The phantom is heavily damaged.
The phantom hits you.
* * * LOW HITPOINT WARNING * * *
You hit the phantom.
The phantom is heavily damaged.
The phantom hits you.
* * * LOW HITPOINT WARNING * * *
You barely miss the phantom.
The phantom is heavily damaged.
The phantom closely misses you.
You hit the phantom.
The phantom is severely damaged.
The phantom hits you but does no damage.
You barely miss the phantom.
The phantom is severely damaged.
The phantom hits you but does no damage.
You slash the phantom!
The phantom is almost destroyed.
The phantom hits you!
You die...
Kikubaaqudgha rasps: "You have failed me!
Welcome... death!"

#........#......#.....#.#.#.
#........#......#.#.##......
#........#......#.#.#<......
.#####........#......#.#.#.......
.....................#.#.#.#.#.#.
###########.####.....#.#.#.#.#.#
........# #.....#.#.#.#.#.#
############.....#.#...#.#.#
###....W@....#.#####.#.#
#.....####.#.#.#...#.#.# #.....#
#.#.#.#.#.#.#.# #..§§.#
#.#.#.#.#.#.#.# #.....#
#.....#.#.#.#.# #....§#
#.....#.#.#.#.#
###'######.....#.#.#.#.#
........##.........#.#.#
........##W...##.###.#.#


You could see a phantom.

Vanquished Creatures
  A hound (D:4)
  An iguana (D:4)
  6 adders
  A worm (D:3)
  4 dart slugs
  2 orcs (D:3)
  11 ball pythons
  8 bats
  6 endoplasms
  4 giant cockroaches
  5 goblins
  6 hobgoblins
  3 jackals (D:1)
  7 kobolds
  5 quokkas
  3 frilled lizards
  4 rats (D:2)
77 creatures vanquished.

Vanquished Creatures (collateral kills)
  An adder (D:4)
1 creature vanquished.

Grand Total: 78 creatures vanquished

Notes
Turn   | Place    | Note
-------+----------+-------------------------------------------
     0 | D:1      | testman the Human Monk began the quest for the Orb.
     0 | D:1      | Reached XP level 1. HP: 18/18 MP: 1/1
   110 | D:1      | Reached XP level 2. HP: 6/24 MP: 2/2
  1013 | D:1      | Reached XP level 3. HP: 29/29 MP: 3/3
  1719 | D:2      | Reached XP level 4. HP: 21/37 MP: 4/4
  3329 | D:3      | Reached XP level 5. HP: 38/42 MP: 5/5
  3362 | D:3      | Learned a level 1 spell: Slow
  3929 | D:3      | Found a faded altar of an unknown god.
  3933 | D:3      | Prayed at the altar of an unknown god.
  3933 | D:3      | Became a worshipper of Kikubaaqudgha
  3933 | D:3      | Reached * piety under Kikubaaqudgha
  3933 | D:3      | Received a gift from Kikubaaqudgha
  3933 | D:3      | Reached ** piety under Kikubaaqudgha
  4153 | D:4      | Noticed a phantom
  4250 | D:4      | Learned a level 1 spell: Pain
  4252 | D:4      | Learned a level 1 spell: Animate Skeleton
  4313 | D:4      | Reached skill level 1 in Spellcasting
  4493 | D:4      | Reached skill level 1 in Necromancy
  4534 | D:4      | Reached *** piety under Kikubaaqudgha
  4534 | D:4      | Received a gift from Kikubaaqudgha
  4704 | D:4      | Reached XP level 6. HP: 35/48 MP: 7/7
  4862 | D:4      | Slain by a phantom

Illustrated notes

Levels and vault maps discovered:
D:1:      minmay_arrival_stone_box, layout_loops_ring
D:2:      kennysheep_six_static_rooms, layout_basic,
          minmay_randomly_rotated_circles
D:3:      minmay_inner_zag, layout_rooms, basic_ecumenical_altar,
          nicolae_concentric_dashed_squares_mild, grunt_decor_resistance
D:4:      layout_basic

Skill      XL: |  1  2  3  4  5 |
---------------+----------------+-----
Fighting       | 4 |  4.3
Long Blades    | 4 |  4.3
Spellcasting   | 1 |  1.0
Necromancy     | 2 |  2.3
Dodging        | |  3.1
Stealth        | |  2.2
Hexes          | |  0.4

Action                   |  1- 3 |  4- 6 || total
-------------------------+-------+-------++-------
Melee: Falchion          |   102 |   215 ||   317
       Punch             |     1 |     1 ||     2
 Cast: Animate Skeleton  |       |     1 ||     1
       Slow              |       |     2 ||     2
  Use: Scroll            |       |     4 ||     4
 Stab: Sleeping          |     6 |    11 ||    17
Armor: Robe              |    14 |    45 ||    59
Dodge: Dodged            |    82 |   155 ||   237

Table legend: (Time is in decaauts)
 A = Elapsed time spent in this place.
 B = Non-inter-level travel time spent in this place.
 C = Inter-level travel time spent in this place.
 D = Time resting spent in this place.
 E = Time spent auto-exploring this place.
 F = Levels seen in this place.
 G = Mean time per level.
                   A        B        C        D        E       F      G
               +--------+--------+--------+--------+--------+-----+--------+
         Total |   4895 |   4780 |    115 |   1316 |   2537 |   4 | 1223.8 |
       Dungeon |   4895 |   4780 |    115 |   1316 |   2537 |   4 | 1223.8 |
               +--------+--------+--------+--------+--------+-----+--------+

Top non-repeatable levels by time:
     D:2: 1845 daAuts
     D:1: 1400 daAuts
     D:3: 929 daAuts
     D:4: 719 daAuts
